AoeStats
← Jarothi

Fortress

509814761Analyzed
4v4 RM · 4d ago on Sep 28, 2026· 51m 53s· 8 players
Game mode
Random Map
Map size
Huge
Population
200
Speed
Normal
Resources
Standard
Victory
Conquest
Starting age
Dark Age
Ending age
Imperial Age
RankedLock teamsTeams togetherTeam positionsShared explorationLock speedFull tech treeHidden civsTurbo modeCheats
Victory
Defeat
🇹🇼 Japanese · Taiwan
1104
+17
🇨🇴 Wu · Colombia
1091
+18
🇨🇴 Saracens · Colombia
1084
+18
🇨🇴 Burgundians · Colombia
1056
+19
🇺🇸 Danes · United States
1179
-20
🇺🇸 Spanish · United States
1115
-18
🇸🇪 Varangians · Sweden
1102
-17
🇦🇺 Mongols · Australia
1097
-17
Tribal4468
6:00 Loom
7:46 Feudal Age
8:45 Double-Bit Axe
13:16 Castle Age
10:42 Man-at-Arms
11:08 Arson
12:42 Gold Mining
13:44 Town Watch
15:26 Long Swordsman
17:25 Horse Collar
18:32 Wheelbarrow
19:00 Arson
19:21 Scale Mail Armor
19:53 Forging
20:01 Gambesons
21:17 Hand Cart
24:58 Squires
25:36 Bow Saw
26:13 Chain Mail Armor
26:33 Iron Casting
32:53 Imperial Age
31:07 Hamask
34:32 Conscription
34:10 Stone Mining
35:47 Siege Engineers
36:19 Plate Mail Armor
36:49 Blast Furnace
36:44 Two-Handed Swordsman
37:58 Fletching
39:41 Champion
42:20 Bodkin Arrow
42:47 Ballistics
43:28 Chemistry
43:17 Heavy Plow
46:29 Elite Jomsviking
47:56 Hoardings
iamjackscolon
5:15 Loom
7:16 Feudal Age
9:16 Wheelbarrow
12:31 Castle Age
11:24 Double-Bit Axe
11:21 Horse Collar
11:38 Gold Mining
11:58 Stone Mining
13:42 Bow Saw
15:46 Fletching
16:49 Padded Archer Armor
17:47 Leather Archer Armor
19:22 Bodkin Arrow
19:46 Elite Skirmisher
25:51 Husbandry
26:02 Bloodlines
30:35 Ballistics
32:04 Heavy Plow
35:47 Imperial Age
34:20 Scale Barding Armor
34:26 Forging
35:39 Scale Mail Armor
36:41 Masonry
36:44 Fortified Wall
37:13 Hand Cart
38:05 Chemistry
37:48 Conscription
37:56 Thumb Ring
39:23 Two-Man Saw
38:34 Town Watch
38:18 Pikeman
38:59 Squires
38:47 Arson
39:58 Ring Archer Armor
40:24 Bracer
40:42 Chain Mail Armor
41:03 Iron Casting
40:09 Halberdier
43:54 Blast Furnace
43:24 Plate Mail Armor
43:42 Chain Barding Armor
Wavedash
8:25 Feudal Age
12:15 Castle Age
11:05 Double-Bit Axe
11:20 Horse Collar
12:23 Forging
15:42 Light Cavalry
19:17 Husbandry
20:23 Bloodlines
20:34 Loom
22:55 Iron Casting
22:33 Scale Barding Armor
25:03 Squires
24:51 Gambesons
26:51 Scale Mail Armor
29:47 Wheelbarrow
29:37 Town Watch
32:44 Imperial Age
31:40 Chain Mail Armor
32:36 Arson
32:48 Gold Mining
33:25 Gothikon
34:31 Conscription
34:35 Heavy Plow
34:55 Hand Cart
37:20 Plate Mail Armor
37:10 Chain Barding Armor
37:50 Blast Furnace
36:38 Elite Varangian Guard
38:59 Blast Furnace
38:17 Elite Jarl
43:58 Chain Barding Armor
47:25 Stone Mining
49:10 Plate Barding Armor
Jimi
7:24 Feudal Age
11:20 Castle Age
9:26 Horse Collar
10:19 Double-Bit Axe
12:40 Bow Saw
18:07 Fletching
18:41 Heavy Plow
20:08 Bodkin Arrow
21:05 Loom
21:55 Wheelbarrow
22:20 Gold Mining
22:33 Padded Archer Armor
23:37 Hand Cart
26:37 Gold Shaft Mining
28:50 Imperial Age
27:51 Husbandry
28:02 Bloodlines
28:36 Ballistics
28:36 Leather Archer Armor
29:51 Bracer
30:55 Chemistry
30:03 Thumb Ring
30:23 Parthian Tactics
30:06 Thumb Ring
30:24 Conscription
30:45 Town Watch
30:44 Elite Mangudai
33:04 Scale Barding Armor
33:10 Forging
32:40 Light Cavalry
34:08 Hoardings
33:31 Hussar
35:53 Chain Barding Armor
36:10 Iron Casting
41:31 Blast Furnace
40:45 Masonry
Jarothi
2:12 Double-Bit Axe
2:15 Loom
4:30 Horse Collar
5:28 Wheelbarrow
7:51 Feudal Age
9:39 Loom
12:37 Castle Age
11:31 Bow Saw
11:54 Heavy Plow
15:15 Town Watch
20:12 Hand Cart
20:02 Town Patrol
21:33 Scale Barding Armor
22:17 Burgundian Vineyards
22:32 Forging
22:48 Husbandry
23:02 Gold Mining
23:43 Chain Barding Armor
22:50 Cavalier
23:46 Stone Mining
24:34 Crop Rotation
28:43 Imperial Age
27:57 Two-Man Saw
27:33 Gold Shaft Mining
27:35 Stone Shaft Mining
30:44 Plate Barding Armor
30:32 Conscription
29:57 Elite Coustillier
33:04 Paladin
34:08 Scale Mail Armor
34:50 Iron Casting
36:20 Chain Mail Armor
37:09 Blast Furnace
36:45 Squires
36:30 Arson
38:24 Flemish Revolution
39:29 Plate Mail Armor
RTMatutino
7:44 Loom
10:14 Feudal Age
10:46 Horse Collar
10:53 Double-Bit Axe
15:30 Castle Age
14:58 Bloodlines
15:01 Forging
14:56 Scale Barding Armor
16:07 Wheelbarrow
16:23 Bimaristan
17:20 Iron Casting
17:05 Chain Barding Armor
20:04 Hand Cart
20:14 Bow Saw
21:54 Gold Mining
29:29 Imperial Age
27:56 Gold Shaft Mining
27:11 Stone Mining
28:32 Husbandry
29:45 Sanctity
30:33 Conscription
30:36 Fletching
30:46 Padded Archer Armor
31:49 Blast Furnace
31:34 Plate Barding Armor
31:20 Elite Mameluke
32:54 Heavy Plow
34:50 Fletching
35:00 Padded Archer Armor
36:21 Hoardings
36:44 Bodkin Arrow
37:05 Leather Archer Armor
38:54 Bracer
39:09 Leather Archer Armor
41:43 Masonry
41:30 Murder Holes
41:55 Ballistics
49:05 Chemistry
Kuro
0:44 Loom
6:41 Feudal Age
7:57 Horse Collar
8:53 Double-Bit Axe
13:50 Castle Age
12:58 Forging
13:54 Bloodlines
15:08 Bow Saw
15:41 Pikeman
16:52 Fletching
18:49 Scale Mail Armor
26:34 Heavy Plow
34:43 Padded Archer Armor
35:00 Chain Mail Armor
34:48 Bodkin Arrow
35:10 Chain Mail Armor
36:35 Town Watch
37:27 Wheelbarrow
38:12 Iron Casting
41:50 Imperial Age
40:26 Ballistics
40:19 Fortified Wall
40:32 Ballistics
41:03 Padded Archer Armor
42:36 Hand Cart
43:39 Chemistry
42:03 Elite Samurai
43:04 Conscription
43:12 Leather Archer Armor
43:29 Plate Mail Armor
43:41 Gold Mining
44:58 Two-Man Saw
48:37 Blast Furnace
48:08 Ring Archer Armor
Slayer
8:24 Feudal Age
12:34 Castle Age
11:10 Double-Bit Axe
11:16 Gold Mining
11:27 Horse Collar
12:33 Fletching
12:44 Padded Archer Armor
13:39 Loom
15:12 Wheelbarrow
14:55 Bodkin Arrow
15:12 Town Watch
20:02 Ballistics
23:23 Heavy Plow
23:45 Bloodlines
29:14 Imperial Age
28:43 Red Cliffs Tactics
29:27 Hand Cart
29:29 Elite Fire Archer
30:13 Bracer
32:01 Chemistry
31:51 Leather Archer Armor
35:59 Masonry
36:37 Conscription
37:51 Sitting Tiger
Connection lost

Rejoining the realm…

Still unreachable

The connection could not be restored.

Session expired

The server has moved on; the page needs a fresh start.